 Dungeon Crawl Stone Soup version 0.31.0-32-g396128a36d (webtiles) character file.

Game seed: 11652593529879510984

678 Marvel the Cleaver (level 7, -4/51 (61) HPs)
             Began as a Hill Orc Fighter on Mar 23, 2024.
             Was an Initiate of Okawaru.
             Slain by a gnoll
             ... wielding a +0 halberd
             ... led by a gnoll bouda
              (7 damage)
             ... on level 5 of the Dungeon.
             The game lasted 00:03:39 (3399 turns).

Marvel the Cleaver (Hill Orc Fighter)               Turns: 3399, Time: 00:03:40

HP:   -4/51 (61)    AC: 13    Str: 21    XL:     7   Next: 60%
MP:   7/7           EV:  6    Int:  8    God:    Okawaru [......]
Gold: 241           SH:  4    Dex: 10    Spells: 6/6 levels left

rFire   . . .        a - +0 war axe
rCold   . . .        c - +0 buckler
rNeg    . . .        t - +0 plate armour
rPois   .            (no helmet)
rElec   .            (no cloak)
rCorr   .            h - +0 pair of gloves
SInv    .            (no boots)
Will    +....        (no amulet) Stlth
                     l - ring of willpower
HPRegen 0.28/turn    (no ring)
MPRegen 0.10/turn

%: no passive effects
@: mighty, weakened, heavily drained
A: no striking features
a: Renounce Religion


You were on level 5 of the Dungeon.
You worshipped Okawaru.
Okawaru was noncommittal.
You visited 2 branches of the dungeon, and saw 6 of its levels.

You collected 241 gold pieces.

Inventory:

Hand Weapons
 a - a +0 war axe (weapon)
Missiles
 f - 6 poisoned darts (quivered)
Armour
 b - a +0 scale mail
 c - a +0 buckler (worn)
 h - a +0 pair of gloves (worn)
 q - a +0 plate armour
 t - a +0 plate armour (worn)
Jewellery
 l - a ring of willpower (left hand)
Wands
 s - a wand of flame (15)
Scrolls
 e - a scroll of immolation {unknown}
 g - 2 scrolls of vulnerability {unknown}
 i - 5 scrolls of teleportation {unknown}
 k - 3 scrolls of identify {unknown}
 n - 2 scrolls of noise {unknown}
 r - a scroll of blinking {unknown}
 u - a scroll of summoning {unknown}
 w - a scroll of poison {unknown}
 x - a scroll of brand weapon {unknown}
Potions
 d - a potion of might
 j - 5 potions of heal wounds {unknown}
 m - a potion of curing {unknown}
 o - a potion of ambrosia {unknown}
 p - a potion of mutation {unknown}
 v - 3 potions of enlightenment {unknown}
 z - a potion of lignification {unknown}


   Skills:
 + Level 5.3 Fighting
 + Level 8.1 Axes
 + Level 5.1 Armour
 + Level 0.5 Dodging
 + Level 4.1 Shields


You had 6 spell levels left.
You didn't know any spells.
Your spell library contained the following spells:

 Spells                   Type           Power      Damage    Failure   Level
 Cause Fear               Hex            0%         N/A       100%        4
 Fireball                 Conj/Fire      0%         3d3       100%        5
 Dragon's Call            Summ           Unusable   N/A       N/A         9

Dungeon Overview and Level Annotations

Branches:
Dungeon (5/15)             Temple (1/1) D:4

Altars:
Ashenzari
Cheibriados
Dithmenos
Elyvilon
Gozag
Hepliaklqana
Nemelex Xobeh
Okawaru
Trog
Uskayaw
Vehumet
Wu Jian
Xom
Zin

Shops:
D:4 (

Annotations:
D:5 Edmund


Message History

You block Edmund's attack. The gnoll barely misses you.
Edmund hits you but does no damage.
You feel drained.
You feel very mighty all of a sudden. The gnoll closely misses you.
Edmund hits you but does no damage.
You feel drained.
The gnoll bouda gazes fiercely through you!
You feel your attacks grow feeble.
You barely miss Edmund.
Edmund is moderately wounded.
The gnoll hits you from afar with a +0 spear.
The gnoll hits you from afar with a +0 halberd.
You block Edmund's attack.
You barely miss Edmund.
Edmund is moderately wounded.
The gnoll hits you from afar with a +0 spear.
The gnoll hits you but does no damage.
The gnoll bouda gazes fiercely through you!
You feel as though you will be weak longer.
Edmund hits you with a +0 dire flail of draining.
* * * LOW HITPOINT WARNING * * *
You feel drained.
* * * LOW HITPOINT WARNING * * *
You block the gnoll's attack.
The gnoll hits you from afar with a +0 halberd.
* * * LOW HITPOINT WARNING * * *
Edmund hits you with a +0 dire flail of draining.
* * * LOW HITPOINT WARNING * * *
You feel drained. The gnoll hits you with a +0 spear.
* * * LOW HITPOINT WARNING * * *
The gnoll hits you but does no damage. You block the gnoll's attack.
Edmund says, "People think my brother is the best.
I think he's crazy."
Edmund hits you with a +0 dire flail of draining.
* * * LOW HITPOINT WARNING * * *
You feel drained.
You hit Edmund.
Edmund is heavily wounded.
You barely miss the gnoll. You slash the gnoll! You block the gnoll's attack.
The gnoll hits you from afar with a +0 halberd!
You die... ♣⌠.....♣# ##. #♣......♣ #.. #♣.....♣ #.. ♣.....♣ #.. ♣.....♣ ..## ♣....♣# gg#

♣....♣# # #g##
#♣...♣## #.#@@#
#♣...♣♣#.
#g.g.######♣..♣♣###.
###..........♣###...
#.........###...##
#######.......####
##...#######
#........##
#...####.## #####
#.##


You could see Edmund, a gnoll bouda and 4 gnolls.

Vanquished Creatures
  Sigmund (D:4)
  A centaur (D:5)
  A scorpion (D:4)
  2 jellies
  An orc priest (D:5)
  A hound (D:5)
  An orc wizard (D:5)
  Robin (D:3)
  4 gnolls (D:5)
  7 adders
  2 white imps (D:5)
  2 ufetubi (D:5)
  3 dart slugs
  3 orcs
  10 ball pythons
  10 endoplasms
  5 giant cockroaches
  11 goblins
  8 hobgoblins
  8 quokkas
  6 bats
  3 frilled lizards
  3 kobolds
  3 rats
97 creatures vanquished.

Notes
Turn   | Place    | Note
-------+----------+-------------------------------------------
     0 | D:1      | Marvel the Hill Orc Fighter began the quest for the Orb.
     0 | D:1      | Reached XP level 1. HP: 19/19 MP: 1/1
   102 | D:1      | Reached XP level 2. HP: 27/27 MP: 2/2
   153 | D:1      | Reached skill level 3 in Axes
   392 | D:1      | Reached XP level 3. HP: 33/33 MP: 3/3
   903 | D:2      | Reached XP level 4. HP: 41/41 MP: 4/4
  1322 | D:3      | Found a shadowy altar of Dithmenos.
  1394 | D:3      | Noticed Robin
  1396 | D:3      | Reached skill level 4 in Axes
  1406 | D:3      | Killed Robin
  1704 | D:3      | Reached XP level 5. HP: 47/47 MP: 5/5
  2014 | D:4      | Found Juip's Weapon Shop.
  2082 | D:4      | Reached skill level 5 in Axes
  2114 | D:4      | Noticed Sigmund
  2135 | D:4      | Killed Sigmund
  2136 | D:4      | Reached skill level 5 in Fighting
  2136 | D:4      | Reached skill level 6 in Axes
  2136 | D:4      | Reached XP level 6. HP: 54/56 MP: 6/6
  2168 | D:4      | Found a staircase to the Ecumenical Temple.
  2174 | Temple   | Entered the Ecumenical Temple
  2192 | Temple   | Became a worshipper of Warmaster Okawaru
  2759 | D:5      | Entered Level 5 of the Dungeon
  2792 | D:5      | Reached skill level 7 in Axes
  2800 | D:5      | Reached XP level 7. HP: 37/61 MP: 7/7
  3023 | D:5      | Reached skill level 8 in Axes
  3041 | D:5      | Reached skill level 5 in Armour
  3146 | D:5      | Found a white marble altar of Elyvilon.
  3327 | D:5      | Found a sparkling altar of Nemelex Xobeh.
  3327 | D:5      | Found an opulent altar of Gozag.
  3387 | D:5      | Noticed Edmund
  3399 | D:5      | Slain by a gnoll

Illustrated notes

Levels and vault maps discovered:
D:1:      psy_arrival_conway, layout_basic, chequers_mini_garden
D:2:      cheibrodos_helix_gallery, layout_loops_cross,
          corexii_item_surrounded_by_moat
D:3:      layout_loops_cross, grunt_dithmenos_smoke_and_mirrors,
          minmay_distorted, uniq_robin
D:4:      layout_basic, minmay_temple_entry_fiery, serial_shops,
          nicolae_shop_rolling_square, uniq_sigmund
D:5:      layout_loops_ring, kennysheep_ying_yang,
          grunt_temple_overflow_opulence, uniq_edmund
Temple:   chequers_temple_sunken

Skill      XL: |  1  2  3  4  5  6  7 |
---------------+----------------------+-----
Axes           | 3 4 6 7 8 |  8.1
Fighting       | 4 5 |  5.3
Armour         | 4 5 |  5.1
Shields        | 4 |  4.1
Dodging        | |  0.5

Action                     |  1- 3 |  4- 6 |  7- 9 || total
---------------------------+-------+-------+-------++-------
  Melee: War axe           |    65 |    96 |    64 ||   225
    Use: Potion            |       |       |     1 ||     1
 Armour: Scale mail        |    42 |     9 |       ||    51
         Plate armour      |       |    77 |    87 ||   164
  Dodge: Dodged            |    34 |    28 |    31 ||    93
  Block: Buckler           |    20 |    30 |    26 ||    76
